 Dungeon Crawl Stone Soup version 0.22.1-2-g9c5b331383 (webtiles) character file.

303626 Peloso the Hoplite (level 20, -1/187 HPs)
             Began as a Minotaur Fighter on Dec 23, 2018.
             Was the Champion of Okawaru.
             Killed from afar by a crystal guardian (36 damage)
             ... with a crystal bolt
             ... in the Desolation of Salt.
             The game lasted 02:15:42 (45144 turns).

Peloso the Hoplite (Minotaur Fighter)              Turns: 45144, Time: 02:15:43

Health: -1/187     AC: 35    Str: 34    XL:     20   Next: 24%
Magic:  19/21      EV: 16    Int:  5    God:    Okawaru [******]
Gold:   3013       SH: 31    Dex: 17    Spells: 20/20 levels left

rFire    + . .     SeeInvis .   a - +9 long sword "Kaniqer" {drain, rN+}
rCold    x . .     Gourm    .   G - +2 large shield {AC+3}
rNeg     + . .     Faith    +   w - +4 plate armour {rPois}
rPois    +         Spirit   .   Y - +0 hat {MR+}
rElec    +         Reflect  .   K - +0 cloak
rCorr    +         Harm     .   Q - +2 pair of gloves of Amelioration {rCorr}
MR       +++..                  l - +1 pair of boots {run}
Stlth    +.........             T - amulet of faith
HPRegen  0.41/turn              i - ring of the Four Lovers {*Drain rElec MR+ Str+3 Stlth+}
MPRegen  0.17/turn              N - ring of Mismois {Fire Str+3 Dex+5}

@: heroism, studying Fighting, quick
A: retaliatory headbutt, horns 2
}: 2/15 runes: decaying, gossamer
a: Heroism, Finesse, Renounce Religion


You were in the Desolation of Salt.
You worshipped Okawaru.
Okawaru was exalted by your worship.
You were not hungry.

You visited 6 branches of the dungeon, and saw 32 of its levels.
You also visited: Ice Cave, Wizlab and Desolation.

You collected 3616 gold pieces.
You spent 603 gold pieces at shops.

Inventory:

Hand Weapons
 a - the +9 long sword "Kaniqer" (weapon) {drain, rN+}
   (You found it on level 7 of the Dungeon)

   A truly terrible weapon, it drains the life of those it strikes.
   It protects you from negative energy.
 h - the +7 falchion of Integrity {flame, *Rage *Noise rElec rN+++}
   (Okawaru gifted it to you on level 1 of the Swamp)

   It has been specially enchanted to burn those struck by it, causing extra
   injury to most foes and up to half again as much damage against particularly
   susceptible opponents.
   Big, fiery blades are also staple armaments of hydra-hunters.
   It insulates you from electricity.
   It renders you almost immune to negative energy.
   It may make noises in combat.
   It may make you go berserk in combat.
 j - a +3 demon blade of venom
 n - the +9 staff of Wucad Mu {channel}
   (You found it in a wizard's laboratory)
Armour
 c - a +1 shield of reflection
 e - a +0 shield of reflection
 l - a +1 pair of boots of running (worn)
 w - a +4 plate armour of poison resistance (worn)
 G - a +2 large shield of protection (worn)
 H - the +1 pair of boots of Hangman {rF+ rN+ Str-3 Dex+4}
   (Okawaru gifted it to you on level 1 of the Lair of Beasts)

   It affects your strength (-3).
   It affects your dexterity (+4).
   It protects you from fire.
   It protects you from negative energy.
 K - a +0 cloak (worn)
 Q - the +2 pair of gloves of Amelioration (worn) {rCorr}
   (Okawaru gifted it to you on level 12 of the Dungeon)

   It provides partial protection from all sources of acid and corrosion.
 Y - a +0 hat of magic resistance (worn)
Jewellery
 i - the ring of the Four Lovers (left hand) {*Drain rElec MR+ Str+3 Stlth+}
   (You found it in the Desolation of Salt)

   [ring of protection from magic]

   It affects your strength (+3).
   It insulates you from electricity.
   It affects your resistance to hostile enchantments.
   It causes draining when unequipped.
   It makes you more stealthy.
 r - an uncursed ring of flight
 A - an uncursed ring of see invisible
 N - the ring of Mismois (right hand) {Fire Str+3 Dex+5}
   (You found it in an ice cave)

   [ring of fire]

   It enhances your fire magic.
   It affects your strength (+3).
   It affects your dexterity (+5).
   It protects you from fire.
   It makes you vulnerable to cold.
 R - the ring "Baol" {rC+ rN+ MR+}
   (You found it in an ice cave)

   [ring of protection from cold]

   It protects you from cold.
   It protects you from negative energy.
   It affects your resistance to hostile enchantments.
 T - an amulet of faith (around neck)
Wands
 g - a wand of digging (3)
Scrolls
 k - 2 scrolls of identify
 o - 8 scrolls of teleportation
 s - 2 scrolls of fear
 u - 4 scrolls of magic mapping
 I - 3 scrolls of blinking
 J - 4 scrolls of noise
 P - a scroll of silence
 Z - 4 scrolls of remove curse
Potions
 b - a potion of berserk rage
 d - 3 potions of might
 m - 7 potions of agility
 p - 3 potions of haste
 q - 8 potions of flight
 t - a potion of resistance
 L - a potion of heal wounds
 V - 5 potions of curing
Books
 x - a manual of Fighting
Miscellaneous
 z - a phantom mirror
Comestibles
 f - 42 rations
 v - 4 chunks of flesh


   Skills:
 + Level 17.9(22.9) Fighting
 + Level 18.4(23.4) Long Blades
 + Level 1.2(6.2) Staves
 + Level 1.0(6.0) Throwing
 + Level 16.4(21.4) Armour
 + Level 6.3(11.3) Dodging
 + Level 3.5(8.5) Stealth
 + Level 24.7(27) Shields
 + Level 1.3(6.3) Unarmed Combat
 + Level 0.5 Spellcasting
 + Level 3.7 Invocations
 + Level 1.0 Evocations


You had 20 spell levels left.
You didn't know any spells.
Your spell library contained the following spells:

 Spells                   Type           Power        Failure   Level  Hunger
 Animate Skeleton         Necr           N/A          86%         1    ##.....
 Apportation              Tloc           #.....       86%         1    ##.....
 Confusing Touch          Hex            #.....       86%         1    ##.....
 Summon Small Mammal      Summ           #...         86%         1    ##.....
 Corpse Rot               Necr           N/A          94%         2    ###....
 Sublimation of Blood     Necr           #.........   94%         2    ###....
 Confuse                  Hex            #.......     99%         3    ####...
 Gell's Gravitas          Tloc           #.........   99%         3    ####...
 Spectral Weapon          Hex/Chrm       #.......     99%         3    ####...
 Spider Form              Tmut/Pois      #.........   99%         3    ####...
 Static Discharge         Conj/Air       #.......     99%         3    ####...
 Stone Arrow              Conj/Erth      #.....       99%         3    ####...
 Airstrike                Air            #.........   100%        4    #####..
 Cause Fear               Hex            #.........   100%        4    #####..
 Leda's Liquefaction      Hex/Erth       #.........   100%        4    #####..
 Petrify                  Tmut/Erth      #.......     100%        4    #####..
 Agony                    Necr           #.......     100%        5    ######.
 Bolt of Draining         Conj/Necr      #.........   100%        5    ######.
 Bolt of Magma            Conj/Fire/Erth #.........   100%        5    ######.
 Dispel Undead            Necr           #.......     100%        5    ######.
 Excruciating Wounds      Chrm/Necr      #.........   100%        5    ######.
 Lightning Bolt           Conj/Air       #.........   100%        5    ######.
 Metabolic Englaciation   Hex/Ice        #.........   100%        5    ######.
 Silence                  Hex/Air        #.........   100%        5    ######.
 Summon Forest            Summ/Tloc      #.........   100%        5    ######.
 Yara's Violent Unravell  Hex/Tmut       #.........   100%        5    ######.
 Conjure Ball Lightning   Conj/Air       #.........   100%        6    #######
 Deflect Missiles         Chrm/Air       #.........   100%        6    #######
 Freezing Cloud           Conj/Ice/Air   #.........   100%        6    #######
 Hydra Form               Tmut           #.........   100%        6    #######
 Iron Shot                Conj/Erth      #.........   100%        6    #######
 Statue Form              Tmut/Erth      #........    100%        6    #######
 Dragon Form              Tmut           #.........   100%        7    #######
 Summon Hydra             Summ           #.........   100%        7    #######
 Discord                  Hex            #.........   100%        8    #######
 Ignition                 Fire           #.........   100%        8    #######
 Shatter                  Erth           #.........   100%        9    #######
 Tornado                  Air            #.........   100%        9    #######


Dungeon Overview and Level Annotations

Branches:
Dungeon (15/15)            Temple (0/1) D:7            Lair (6/6) D:8
  Swamp (4/4) Lair:2       Spider (4/4) Lair:2        Slime (0/5) Lair:6
    Orc (2/2) D:10            Elf (1/3) Orc:2        Vaults (0/5) D:13
 Depths (0/5) D:15

Altars:
Elyvilon
Makhleb
Okawaru
Trog
Xom
Zin
The Shining One
Beogh

Shops:
Orc:2 ([*=


Innate Abilities, Weirdness & Mutations

You reflexively headbutt those who attack you in melee.
You have a pair of horns on your head.


Message History

The crystal guardian completely resists.
The bolt of poison hits you! You resist.
* * * LOW HITPOINT WARNING * * *
The saltling misses you.
You riposte.
You hit the saltling but do no damage.
You headbutt the saltling, but do no damage.
You hit the crystal guardian but do no damage.
The crystal guardian is severely damaged.
The crystal guardian fires a crystalline bolt at you.
The crystal bolt burns you! You resist.
* * * LOW HITPOINT WARNING * * *
The ragged hierophant casts a spell at you.
A blast of power from the earth and the adjacent constructs strikes you!
* * * LOW HITPOINT WARNING * * *
You slash the crystal guardian!
You headbutt the crystal guardian, but do no damage.
The crystal guardian is almost destroyed.
You block the saltling's attack.
The crystal guardian fires a crystalline bolt at you.
The crystal bolt freezes you!
You feel a terrible chill!
You die...

#######..#.......§§§
.
#######.........§..
.. #######........
... #######........
... #######9.......
... #######p######.
... #######p# ....
... #######p# ..)..
... #######@#...#
... #######88$S$#
... #######88####
... #######..8...
... #######.#.8.[..
... #######.#...##.
... #######.#......
... #######.#8$....
... #######.. ##...


You could see a ragged hierophant, a servant of whispers, a crystal guardian, an
ironbrand convoker, a guardian serpent, a molten gargoyle and 4 saltlings.

Vanquished Creatures
  A tentacled monstrosity (Swamp:4)
  Rupert (D:14)
  Frances (D:14)
  A thorn hunter (Swamp:2)
  Roxanne (Spider:4)
  Donald (Elf:1)
  A fire giant (D:11)
  4 ghost moths
  10 emperor scorpions
  2 orc warlords
  2 very ugly things
  3 entropy weavers
  The ghost of topfpfpflanze the Thaumaturge, a journeyman NaFE of Makhleb (Orc:1)
  An orange crystal statue (WizLab)
  2 green deaths (Swamp:4)
  Josephine (D:15)
  A fire dragon (Lair:6)
  3 yaktaur captains
  2 ice dragons (IceCv)
  Erolcha (Orc:1)
  A rakshasa (D:15)
  Fannar (D:11)
  15 hydras
  4 servants of whispers (Desolation)
  A ghost crab (Swamp:2)
  17 alligators
  4 vault guards (D:13)
  A tengu warrior (D:15)
  An ogre mage (Orc:2)
  6 centaur warriors
  12 two-headed ogres
  3 orc high priests (Orc:2)
  The ghost of CInkIbrahim the Gouger, a journeyman FeBe of Trog (D:13)
  Urug (Lair:4)
  A deep elf knight (Elf:1)
  2 thrashing horrors (Swamp:4)
  3 skeletal warriors (D:15)
  A large abomination (Swamp:4)
  2 ghost moth zombies (Spider:2)
  A wizard (D:14)
  2 spark wasp zombies (Spider:2)
  4 shambling mangroves
  5 spriggan druids
  6 swamp dragons
  5 orc knights
  A deep elf archer (Elf:1)
  2 lindwurms (Lair:6)
  An ironbrand convoker (Desolation)
  15 deep elf magi
  41 wolf spiders
  25 orb spiders
  7 wolf spider zombies
  11 ugly things
  5 orc sorcerers (Orc:2)
  5 cyclopes
  3 manticores
  A moth of wrath (Spider:1)
  2 ice statues (IceCv)
  3 black mambas
  7 elephants (Lair:6)
  5 centaur zombies
  4 molten gargoyles
  An orange demon (Swamp:4)
  Maurice (D:13)
  4 gargoyles
  22 spiny frogs
  16 komodo dragons
  A torpor snail (Spider:3)
  A yaktaur (D:15)
  An efreet (D:13)
  3 rime drakes
  3 tengu conjurers
  24 demonic crawlers
  2 redback zombies (Spider:2)
  4 meliai
  A polar bear (Lair:4)
  10 trolls
  41 jumping spiders
  21 hornets
  13 saltlings (Desolation)
  A hornet (shapeshifter) (D:13)
  13 bog bodies
  A moth of wrath zombie (Spider:2)
  35 slime creatures
  9 hippogriffs
  11 tyrant leeches
  A tarantella zombie (Spider:2)
  30 blink frogs
  A jumping spider zombie (Spider:2)
  A centaur simulacrum (D:15)
  2 water elementals
  32 tarantellas
  6 shadows
  6 wraiths
  84 redbacks
  9 spriggans
  4 wyverns
  2 hungry ghosts (D:7)
  5 basilisks
  51 yaks
  37 vampire mosquitoes
  3 steam dragons (Lair:6)
  6 insubstantial wisps (Swamp:2)
  5 soldier ants (Spider:2)
  19 swamp worms
  7 wargs
  25 water moccasins
  3 small abominations (Spider:2)
  5 hell hounds (Lair:6)
  7 porcupines
  An orb spider zombie (Spider:2)
  9 swamp drakes
  A black bear (D:7)
  44 orc warriors
  3 phantoms
  18 ice beasts
  3 sky beasts
  A necrophage (D:3)
  An eye of draining (D:13)
  14 ogres
  27 wolves
  17 centaurs
  7 crocodiles
  4 big kobolds
  21 bullfrogs
  A wyvern zombie (D:12)
  9 scorpions
  11 killer bees
  6 howler monkeys
  2 electric eels
  8 crimson imps
  2 bullfrog zombies
  5 lava snakes (Lair:6)
  2 quasits
  3 jellies
  A gnoll shaman (D:10)
  7 hounds
  4 centaur skeletons
  32 orc priests
  34 orc wizards
  2 bullfrog skeletons
  3 iguanas
  28 worker ants
  A hound zombie (D:6)
  5 hound skeletons
  A howler monkey zombie (D:6)
  A worker ant zombie (D:7)
  10 gnolls
  A howler monkey skeleton (D:6)
  23 adders
  7 shadow imps
  3 oozes
  An adder zombie (D:6)
  5 adder skeletons
  6 worms
  2 dart slugs
  4 leopard geckos
  101 orcs
  4 giant cockroaches
  7 goblins
  10 hobgoblins
  11 jackals
  8 quokkas
  5 bats
  4 frilled lizards
  21 kobolds
  2 leopard gecko skeletons
  A leopard gecko zombie (D:7)
  A quokka zombie (D:6)
  12 rats
  2 briar patches (Swamp:2)
  10 crawling corpses (Spider:2)
  3 plants
1471 creatures vanquished.

Vanquished Creatures (others)
  An orb spider (Spider:1)
  A guardian serpent (Desolation)
  A tyrant leech (Swamp:2)
  A jumping spider (Spider:1)
  A redback (Spider:4)
  A tarantella (Spider:1)
  A spriggan (Swamp:2)
  2 yaks (Lair:6)
  An orc warrior (Orc:2)
  An orc priest (Orc:2)
  An orc wizard (Orc:2)
  3 orcs
  A briar patch (Swamp:2)
  5 fungi (Lair:1)
21 creatures vanquished.

Grand Total: 1492 creatures vanquished

Notes
Turn   | Place    | Note
-------+----------+-------------------------------------------
     0 | D:1      | Peloso the Minotaur Fighter began the quest for the Orb.
     0 | D:1      | Reached XP level 1. HP: 19/19 MP: 0/0
    16 | D:1      | Reached XP level 2. HP: 27/27 MP: 1/1
   151 | D:1      | Reached skill level 4 in Shields
   519 | D:1      | Reached XP level 3. HP: 33/33 MP: 2/2
   921 | D:2      | Reached XP level 4. HP: 36/40 MP: 3/3
  1593 | D:3      | Reached XP level 5. HP: 40/47 MP: 4/4
  1861 | D:3      | Noticed a necrophage
  1873 | D:3      | Killed a necrophage
  1873 | D:3      | Reached skill level 5 in Shields
  2088 | D:4      | Reached skill level 1 in Dodging
  2088 | D:4      | Reached XP level 6. HP: 40/53 MP: 5/5
  2351 | D:4      | Reached skill level 5 in Long Blades
  2355 | D:4      | Reached skill level 5 in Fighting
  2614 | D:4      | Found a glowing silver altar of Zin.
  2763 | D:5      | Entered Level 5 of the Dungeon
  2779 | D:5      | Reached skill level 5 in Armour
  2801 | D:5      | Reached XP level 7. HP: 61/61 MP: 6/6
  2938 | D:5      | Noticed a hippogriff
  2951 | D:5      | Killed a hippogriff
  2951 | D:5      | Reached skill level 6 in Shields
  2963 | D:5      | Reached XP level 8. HP: 49/70 MP: 7/7
  3128 | D:5      | Found a burning altar of Makhleb.
  3573 | D:6      | Found an iron altar of Okawaru.
  3576 | D:6      | Became a worshipper of Warmaster Okawaru
  3640 | D:6      | Reached skill level 7 in Shields
  3820 | D:6      | Found a shimmering altar of Xom.
  3833 | D:6      | Reached * piety under Okawaru
  4167 | D:6      | Noticed a moth of wrath
  4170 | D:6      | Found a bloodstained altar of Trog.
  4273 | D:7      | Reached XP level 9. HP: 78/78 MP: 5/8
  4309 | D:7      | Found a staircase to the Ecumenical Temple.
  4349 | D:7      | Reached skill level 8 in Shields
  4749 | D:7      | Reached ** piety under Okawaru
  4785 | D:7      | Reached skill level 9 in Shields
  4917 | D:7      | Reached skill level 10 in Long Blades
  5036 | D:7      | Noticed a white ugly thing
  5327 | D:7      | Killed a white ugly thing
  5327 | D:7      | Reached skill level 10 in Shields
  5396 | D:7      | Got a jewelled long sword
  5397 | D:7      | Identified the +9 long sword "Kaniqer" {drain, rN+} (You
                  | found it on level 7 of the Dungeon)
  5718 | D:8      | Found a staircase to the Lair.
  5934 | D:8      | Reached XP level 10. HP: 86/86 MP: 9/9
  5936 | D:8      | Reached skill level 1 in Stealth
  5940 | D:8      | Reached *** piety under Okawaru
  5948 | D:8      | Reached skill level 1 in Invocations
  6432 | D:9      | Reached **** piety under Okawaru
  6747 | D:9      | Reached skill level 11 in Shields
  7058 | D:10     | Entered Level 10 of the Dungeon
  7427 | D:10     | Reached ***** piety under Okawaru
  7873 | D:10     | Reached XP level 11. HP: 87/95 MP: 10/10
  7899 | D:10     | Noticed a two-headed ogre
  7916 | D:10     | Killed a two-headed ogre
  7916 | D:10     | Reached skill level 12 in Shields
  7938 | D:10     | Found a staircase to the Orcish Mines.
  9062 | D:11     | Noticed Fannar
  9086 | D:11     | Noticed a yaktaur captain
  9086 | D:11     | Noticed a yaktaur captain
  9089 | D:11     | Noticed a fire giant
  9101 | D:11     | Killed a yaktaur captain
  9110 | D:11     | Killed a fire giant
  9110 | D:11     | Reached ****** piety under Okawaru
  9110 | D:11     | Received a gift from Okawaru
  9117 | D:11     | Killed a yaktaur captain
  9117 | D:11     | Reached skill level 10 in Fighting
  9117 | D:11     | Reached skill level 13 in Shields
  9360 | D:11     | Got a jewelled triple sword {god gift}
 10167 | Lair:1   | Entered Level 1 of the Lair of Beasts
 10207 | Lair:1   | Reached skill level 10 in Armour
 10234 | Lair:1   | Reached XP level 12. HP: 13/106 MP: 9/12
 10262 | Lair:1   | Received a gift from Okawaru
 10649 | Lair:1   | Got a pair of shimmering boots {god gift}
 10655 | Lair:1   | Identified the +1 pair of boots of Hangman {rF+ rN+ Str-3
                  | Dex+4} (Okawaru gifted it to you on level 1 of the Lair of
                  | Beasts)
 11092 | Lair:1   | Found a shimmering altar of Xom.
 11424 | Lair:1   | Reached skill level 14 in Shields
 11932 | Lair:2   | Found a staircase to the Swamp.
 12060 | Lair:2   | Found a hole to the Spider Nest.
 12387 | Lair:3   | Noticed an eight-headed hydra
 12616 | D:11     | Killed Fannar
 13499 | D:12     | Noticed a two-headed ogre
 13509 | D:12     | Killed a two-headed ogre
 13601 | D:12     | Received a gift from Okawaru
 13604 | D:12     | Got a pair of heavily runed gloves {god gift}
 13615 | D:12     | Identified the +2 pair of gloves of Amelioration {rCorr}
                  | (Okawaru gifted it to you on level 12 of the Dungeon)
 13617 | D:12     | Noticed a two-headed ogre
 13625 | D:12     | Killed a two-headed ogre
 14312 | D:13     | Noticed a two-headed ogre
 14327 | D:13     | Reached XP level 13. HP: 116/116 MP: 13/13
 14379 | D:13     | Found a gate to the Vaults.
 14427 | D:13     | Noticed Maurice
 14429 | D:13     | HP: 5/116 [eight-headed hydra (5)]
 14430 | D:13     | Found a frozen archway.
 14434 | IceCv    | Entered an ice cave
 15381 | IceCv    | Reached skill level 15 in Shields
 15435 | IceCv    | Got a clouded glass ring
 15437 | IceCv    | Got a fine copper ring
 15439 | IceCv    | Got a pitted amber ring
 15451 | IceCv    | Identified the ring of Mismois {Fire Str+3 Dex+5} (You
                  | found it in an ice cave)
 15453 | IceCv    | Identified the ring "Baol" {rC+ rN+ MR+} (You found it in
                  | an ice cave)
 15458 | IceCv    | Identified the ring of Duzytaih {Ice Dex+5} (You found it
                  | in an ice cave)
 15988 | D:13     | Reached skill level 15 in Long Blades
 16028 | D:13     | Killed Maurice
 16097 | D:13     | Received a gift from Okawaru
 16781 | D:13     | Found a runed gate.
 16782 | D:13     | Found a runed gate.
 16784 | D:13     | Found a runed gate.
 16786 | D:13     | Noticed CInkIbrahim's ghost (journeyman FeBe)
 16787 | D:13     | Found a roughly hewn altar of Beogh.
 16900 | D:13     | Killed CInkIbrahim's ghost
 17195 | D:13     | Got a transparent chain mail
 17196 | D:13     | Got an ancient glaive {chop}
 17301 | D:13     | Identified the +4 chain mail of Mental Paralysis {Dex+3}
                  | (You took it off an orc knight on level 13 of the Dungeon)
 17502 | D:13     | Reached skill level 16 in Shields
 18116 | Lair:3   | Received a gift from Okawaru
 18866 | Lair:4   | Reached XP level 14. HP: 101/129 MP: 15/15
 18881 | Lair:4   | Noticed Urug
 18898 | Lair:4   | Killed Urug
 19273 | Lair:4   | Received a gift from Okawaru
 20633 | Lair:5   | Received a gift from Okawaru
 20665 | Lair:6   | Entered Level 6 of the Lair of Beasts
 20688 | Lair:6   | Reached skill level 17 in Shields
 21136 | Lair:6   | Received a gift from Okawaru
 21601 | Lair:6   | Received a gift from Okawaru
 21666 | Lair:6   | Identified a +1 pair of boots of running (Okawaru gifted it
                  | to you on level 6 of the Lair of Beasts)
 21947 | Lair:6   | Found a large runed door.
 22233 | Lair:6   | Found a large runed door.
 22434 | Lair:6   | Found a staircase to the Slime Pits.
 22505 | Lair:6   | Reached XP level 15. HP: 120/138 MP: 16/16
 23097 | Lair:1   | Identified the +4 triple sword "Missir" {freeze, rF+}
                  | (Okawaru gifted it to you on level 11 of the Dungeon)
 23100 | Lair:1   | Identified the +6 glaive of Intuition {chop, rF- rC+ Str+2
                  | Stlth+} (You took it off an orc knight on level 13 of the
                  | Dungeon)
 23297 | Orc:1    | Entered Level 1 of the Orcish Mines
 23864 | Orc:1    | Reached skill level 18 in Shields
 24366 | Orc:1    | Found a large runed door.
 24366 | Orc:1    | Found a large runed door.
 24368 | Orc:1    | Noticed topfpfpflanze's ghost (journeyman NaFE)
 24776 | Orc:1    | Killed topfpfpflanze's ghost
 24798 | Orc:2    | Entered Level 2 of the Orcish Mines
 24798 | Orc:2    | Noticed Erolcha
 24810 | Orc:1    | Killed Erolcha
 24942 | Orc:2    | Received a gift from Okawaru
 25268 | Orc:2    | Found a staircase to the Elven Halls.
 25358 | Orc:2    | Noticed an orc warlord
 25412 | Orc:2    | Killed an orc warlord
 25565 | Orc:2    | Received a gift from Okawaru
 26154 | Orc:2    | Reached skill level 19 in Shields
 26159 | Orc:2    | Noticed an orc warlord
 26607 | Orc:1    | Killed an orc warlord
 26611 | Orc:1    | HP: 4/139 [orc warrior/halberd (22)]
 27141 | Orc:2    | Found Enisajake's Antique Armour Boutique.
 27142 | Orc:2    | Found Xuoxteot's Antique Weapon Boutique.
 27144 | Orc:2    | Found Ufoiliuw's General Store.
 27144 | Orc:2    | Found Xicoa's Jewellery Shop.
 27149 | Orc:2    | Bought a scroll of magic mapping for 63 gold pieces
 27149 | Orc:2    | Bought 2 potions of curing for 108 gold pieces
 27162 | Orc:2    | Bought a glowing demon blade for 432 gold pieces
 27536 | Swamp:1  | Entered Level 1 of the Swamp
 27588 | Swamp:1  | Received a gift from Okawaru
 27592 | Swamp:1  | Got a warped falchion {god gift}
 27593 | Swamp:1  | Identified the +7 falchion of Integrity {flame, *Rage
                  | *Noise rElec rN+++} (Okawaru gifted it to you on level 1 of
                  | the Swamp)
 28632 | Swamp:2  | Received a gift from Okawaru
 28714 | Swamp:2  | Reached XP level 16. HP: 38/147 MP: 17/17
 28745 | Swamp:2  | Noticed a thorn hunter
 29258 | Swamp:2  | Reached skill level 15 in Fighting
 29299 | Swamp:2  | Reached skill level 5 in Dodging
 29358 | Swamp:2  | HP: 7/149 [briar patch's spines[a thorn hunter] (4)]
 29402 | Swamp:2  | Killed a thorn hunter
 30004 | Swamp:2  | Received a gift from Okawaru
 30005 | Swamp:2  | Found the +15 Maxwell's patent armour {-Cast -Tele rElec
                  | MR+ rCorr}
 30510 | Swamp:3  | Reached skill level 20 in Shields
 31406 | Swamp:4  | Entered Level 4 of the Swamp
 32081 | Swamp:4  | Received a gift from Okawaru
 32081 | Swamp:4  | Reached skill level 15 in Armour
 32095 | Swamp:4  | Got a jewelled falchion {god gift}
 32096 | Swamp:4  | Identified the +4 falchion of Watchfulness {chaos, +Blink
                  | rPois} (Okawaru gifted it to you on level 4 of the Swamp)
 32879 | Swamp:4  | Reached skill level 21 in Shields
 33376 | Swamp:4  | Got a fine amber ring
 33497 | Swamp:4  | Received a gift from Okawaru
 33501 | Swamp:4  | Reached XP level 17. HP: 158/158 MP: 18/18
 33671 | Swamp:4  | Noticed a tentacled monstrosity
 33704 | Swamp:4  | Killed a tentacled monstrosity
 34000 | Swamp:4  | Got a decaying rune of Zot
 34180 | Lair:1   | Identified the ring of the Salamander {rCorr rF- Str+6}
                  | (You found it on level 4 of the Swamp)
 34913 | D:14     | Noticed Rupert
 34920 | D:14     | Killed Rupert
 35123 | D:14     | Noticed Frances
 35140 | D:14     | Killed Frances
 35422 | D:15     | Entered Level 15 of the Dungeon
 36080 | D:15     | Found a staircase to the Depths.
 36358 | D:15     | Reached skill level 22 in Shields
 36360 | D:15     | Noticed Josephine
 36365 | D:15     | Killed Josephine
 36670 | Spider:1 | Entered Level 1 of the Spider Nest
 37870 | Spider:1 | Received a gift from Okawaru
 38581 | Spider:2 | Received a gift from Okawaru
 38741 | Spider:2 | Reached XP level 18. HP: 159/168 MP: 19/19
 39257 | Spider:2 | Reached skill level 23 in Shields
 39425 | Spider:2 | Received a gift from Okawaru
 39438 | Spider:2 | Got an ichor-stained falchion {god gift}
 39527 | Spider:2 | Identified the +1 falchion of Arbitration {elec, +Rage}
                  | (Okawaru gifted it to you on level 2 of the Spider Nest)
 40225 | Spider:2 | Identified a scroll of acquirement
 40482 | Spider:3 | Received a gift from Okawaru
 40602 | Spider:3 | Received a gift from Okawaru
 40625 | Spider:3 | Got a steaming crystal plate armour {god gift}
 40783 | Spider:3 | Identified the +10 crystal plate armour "Eresimp" {*Drain
                  | rF- Str+2 Int+9} (Okawaru gifted it to you on level 3 of
                  | the Spider Nest)
 41700 | Spider:4 | Entered Level 4 of the Spider Nest
 41958 | Spider:4 | Noticed Roxanne
 42167 | Spider:4 | Reached skill level 24 in Shields
 42444 | Spider:4 | Received a gift from Okawaru
 43018 | Spider:4 | Reached XP level 19. HP: 177/177 MP: 20/20
 43396 | Spider:4 | Got a gossamer rune of Zot
 43696 | Spider:4 | Killed Roxanne
 44062 | Elf:1    | Entered Level 1 of the Elven Halls
 44068 | Elf:1    | Noticed Donald
 44081 | Elf:1    | Killed Donald
 44130 | Elf:1    | Found a magical portal.
 44142 | WizLab   | Entered Wucad Mu's Monastery
 44233 | WizLab   | Found the +9 staff of Wucad Mu {channel}
 44253 | WizLab   | Received a gift from Okawaru
 44477 | Elf:1    | Found a white marble altar of Elyvilon.
 44478 | Elf:1    | Found a glowing silver altar of Zin.
 44480 | Elf:1    | Found a ruined gateway.
 44481 | Elf:1    | Found a glowing golden altar of the Shining One.
 44512 | Desolati | Entered the Desolation of Salt
 44773 | Desolati | Reached skill level 1 in Staves
 44773 | Desolati | Reached skill level 1 in Throwing
 44773 | Desolati | Reached skill level 1 in Unarmed Combat
 44773 | Desolati | Reached skill level 1 in Evocations
 44773 | Desolati | Reached XP level 20. HP: 187/187 MP: 21/21
 44904 | Desolati | Identified Sif Muna's Compendium of Lightness
 45037 | Desolati | Got a scorched lead ring
 45039 | Desolati | Identified the ring of the Four Lovers {*Drain rElec MR+
                  | Str+3 Stlth+} (You found it in the Desolation of Salt)
 45042 | Desolati | Identified Mirho's Almanac of Assistive Transmigration
 45132 | Desolati | Found the +8 glaive of the Guard {elec, +Rage AC+5 SInv}
 45144 | Desolati | Killed from afar by a crystal guardian

Skill      XL: |  1  2  3  4  5  6  7  8  9 10 11 12 13 14 15 16 17 18 19 |
---------------+----------------------------------------------------------+-----
Fighting       | 4 5 6 7 8 10 11 13 14 15 16 17 | 17.9
Armour         | 4 5 6 8 9 10 11 12 13 14 15 16 | 16.4
Shields        | 4 5 6 7 10 11 13 14 16 17 19 21 22 24 | 24.7
Long Blades    | 3 4 5 7 9 10 11 13 14 15 16 17 18 | 18.4
Dodging        | 1 2 4 5 6 |  6.3
Stealth        | 1 2 3 |  3.5
Invocations    | 1 2 3 |  3.7
Staves         | 1 |  1.2
Throwing       | 1 |  1.0
Unarmed Combat | 1 |  1.3
Evocations     | 1 |  1.0
Spellcasting   | |  0.5

Action                   |  1- 3 |  4- 6 |  7- 9 | 10-12 | 13-15 | 16-18 | 19-21 || total
-------------------------+-------+-------+-------+-------+-------+-------+-------++-------
Melee: Long sword        |    59 |   171 |   378 |   278 |  1309 |  1566 |   236 ||  3997
       Headbutt          |    17 |    36 |    64 |   268 |   516 |   742 |   107 ||  1750
       Falchion          |       |       |       |   749 |   148 |   609 |       ||  1506
       Scimitar          |       |       |       |       |    42 |       |       ||    42
       Unarmed           |       |       |       |       |       |     7 |       ||     7
Invok: Heroism           |       |       |     5 |    14 |    11 |     2 |     3 ||    35
       Finesse           |       |       |       |       |     1 |       |       ||     1
Evoke: Wand              |       |       |       |       |     7 |       |     4 ||    11
  Use: Scroll            |       |       |    12 |     9 |    15 |    12 |     5 ||    53
       Potion            |       |       |     2 |     8 |     4 |     7 |     1 ||    22
 Stab: Distracted        |       |       |       |       |       |     3 |       ||     3
       Held in net/web   |       |       |       |       |       |     1 |       ||     1
  Eat: Chunk             |       |     6 |    10 |    23 |    37 |    29 |       ||   105
       Ration            |       |       |     1 |     1 |     3 |     5 |     2 ||    12
Armor: Scale mail        |    28 |    31 |       |       |       |       |       ||    59
       Plate armour      |       |    65 |   219 |   299 |   170 |  1005 |    91 ||  1849
       Chain mail        |       |       |       |       |   381 |       |       ||   381
       Crystal plate arm |       |       |       |       |       |   117 |       ||   117
Dodge: Dodged            |    16 |    38 |    88 |   155 |   461 |   724 |    95 ||  1577
Block: Shield            |    33 |    86 |   258 |   560 |  1283 |   533 |       ||  2753
       Reflection        |       |       |       |       |    19 |    10 |       ||    29
       Large shield      |       |       |       |       |       |  2548 |   373 ||  2921
       Rpst.: Long sword |     3 |    14 |    23 |    14 |    91 |    97 |    17 ||   259
       Falchion          |       |       |       |    21 |     9 |    38 |       ||    68
       Scimitar          |       |       |       |       |     1 |       |       ||     1
